 Seeded DCSS version 0.32-a0-900-g30fb1b0edc (webtiles) character file.

Game seed: 17073724502869601980 (custom seed)

1988 timneilson the Ruffian (level 9, -4/58 HPs)
             Began as an Octopode Shapeshifter on Apr 5, 2024.
             Was an Initiate of Gozag.
             Slain by a killer bee (9 damage)
             ... on level 7 of the Dungeon.
             The game lasted 00:15:50 (6942 turns).

timneilson the Ruffian (Octopode Shapeshifter)      Turns: 6942, Time: 00:15:52

Health: -4/58      AC:  1    Str: 18    XL:     9   Next: 21%
Magic:  18/18      EV: 13    Int: 12    God:    Gozag
Gold:   629        SH:  0    Dex: 11    Spells: 8/8 levels left

rFire   . .          .
                       - Unarmed
rCold   . . .        (no shield)
rNeg    . . .        (helmet currently unavailable)
rPois   .            (no amulet)
rElec   .            k - ring of resist corrosion
rCorr   +            n - ring of see invisible
SInv    +            C - ring of magical power
Will    .....        (no ring)
Stlth   ++++         (no ring)
HPRegen 0.29/turn    (no ring)
MPRegen 0.16/turn    (no ring)
                     (no ring)

%: no passive effects
@: lethally poisoned (-4 -> -26), beast-form
A: beast (slay +3), almost no armour, amphibious, 8 rings, camouflage 1,
gelatinous body 1, (nimble swimmer 1), tentacles
a: Begin Untransformation, Renounce Religion, Potion Petition, Call Merchant,
Bribe Branch


You were on level 7 of the Dungeon.
You worshipped Gozag.
Gozag was pleased with you.
You were a hulking beast.
You visited 2 branches of the dungeon, and saw 8 of its levels.

You collected 694 gold pieces.
You paid 65 gold pieces to Gozag.

Inventory:

Missiles
 r - 4 poisoned darts (quivered)
 z - a throwing net
Armour
 d - the +2 hat "Kith" {rPois Will+ Regen+ Slay+3}
   (You acquired it on level 1 of the Dungeon)

   Slay+3:    It affects your accuracy & damage with ranged weapons and melee
   (+3).
   rPois:     It protects you from poison.
   Will+:     It increases your willpower.
   Regen+:    It increases your rate of health regeneration.
Jewellery
 k - a ring of resist corrosion (left tentacle)
 n - a ring of see invisible (right tentacle)
 C - a ring of magical power (on tentacle)
 D - a +4 ring of protection
Talismans
 b - a beast talisman (active)
 c - a flux talisman
 h - a granite talisman
 l - a dragon-blood talisman
 p - a blade talisman
Wands
 j - a wand of roots (21)
 y - a wand of flame (17)
 F - a wand of quicksilver (10)
Scrolls
 o - 2 scrolls of amnesia
 q - 2 scrolls of fear
 A - a scroll of summoning {unknown}
 B - a scroll of teleportation
 E - a scroll of identify
Potions
 a - 3 potions of lignification
 e - a potion of mutation {unknown}
 f - a potion of haste {unknown}
 g - 2 potions of might
 i - 3 potions of curing
 m - 2 potions of berserk rage {unknown}
 s - a potion of ambrosia
 t - a potion of degeneration {unknown}
 u - a potion of magic {unknown}
 v - a potion of heal wounds {unknown}
 w - 2 potions of attraction
 x - a potion of enlightenment {unknown}


   Skills:
 + Level 4.3 Fighting
 * Level 5.9 Dodging
 + Level 5.0 Stealth
 * Level 6.3 Unarmed Combat
 + Level 3.5 Evocations
 * Level 5.9 Shapeshifting


You had 8 spell levels left.
You didn't know any spells.
Your spell library contained the following spells:

 Spells                   Type           Power      Damage    Failure   Level
 Summon Ice Beast         Ice/Summ       0%         N/A       69%         3
 Summon Mana Viper        Hex/Summ       0%         N/A       100%        5
 Monstrous Menagerie      Summ           0%         N/A       100%        7


Dungeon Overview and Level Annotations

Branches:
Dungeon (7/15)             Temple (1/1) D:5

Altars:
Ashenzari
Cheibriados
Dithmenos
Elyvilon
Fedhas
Gozag
Hepliaklqana
Kikubaaqudgha
Makhleb
Nemelex Xobeh
Okawaru
Ru
Sif Muna
Uskayaw
Vehumet
Xom
Yredelemnul
Zin
The Shining One


Innate Abilities, Weirdness & Mutations

You are a hulking beast.
Your limbs bulge with bestial killing power. (Slay +3)
You cannot wear most types of armour.
You are amphibious.
You can wear up to eight rings at the same time.
Your skin changes colour to match your surroundings (Stealth+).
Your rubbery body absorbs attacks. (AC +1, EV +1)
((You are camouflaged when in or above water. (Stealth+)))
You have tentacles for arms and can constrict up to eight enemies at once.


Message History

You now have 629 gold pieces (gained 7).
Things that are here:
a +0 scimitar; a +0 robe A killer bee comes into view.
The killer bee buzzes angrily.
A killer bee comes into view. x2
You see here a gluggy blue potion.
m - 2 gluggy blue potions (gained 1)
An orc priest comes into view. It is wielding a +0 club.
The killer bee attacks as it pursues you!
The killer bee stings you. The killer bee barely misses you.
The killer bee is distracted by your dazzling golden aura.
The killer bee stings you!
The killer bee attacks as it pursues you!
The killer bee stings you.
You are poisoned.
The killer bee poisons you! The killer bee misses you.
The killer bee buzzes angrily.
You feel sick.
The iguana hisses angrily.
The killer bee attacks as it pursues you!
The killer bee stings you.
You are more poisoned.
The killer bee poisons you! The killer bee stings you!
You are more poisoned.
The killer bee poisons you! The killer bee stings you!
You are more poisoned.
The killer bee poisons you!
* * * LOW HITPOINT WARNING * * *
You feel extremely sick.
The killer bee attacks as it pursues you!
The killer bee closely misses you. The killer bee misses you.
* * * LOW HITPOINT WARNING * * *
You feel very sick.
The killer bee attacks as it pursues you!
The killer bee stings you.
* * * LOW HITPOINT WARNING * * *
The killer bee stings you!
You die...
Your body crumbles into a pile of gold.

#..........#..
###...##...#.#
#)........## ###
######..##....## ..#
#..<..........# #.#
#.............## #.#
#...#.#......#.##
#.#####y..#.##.######.#
#.....hy..#.##.# ##)
########..#.##.# #.
########.......## #.
#.........#...... #.
#......)......##.#####.
#......................
#..<...................
.......................
#...o.....y......#####.


You could see 2 killer bees.

Vanquished Creatures
  2 water moccasins
  An orc warrior (D:7)
  A black bear (D:6)
  An ogre (D:6)
  2 centaurs
  2 phantoms (D:5)
  A scorpion (D:5)
  A bullfrog (D:7)
  A gnoll sergeant (D:7)
  3 wights (D:7)
  2 howler monkeys (D:7)
  5 orc priests
  4 hounds
  2 sleepcaps
  2 iguanas
  3 orc wizards (D:7)
  9 gnolls
  10 adders
  A white imp (D:7)
  2 ufetubi (D:6)
  3 dart slugs
  25 orcs
  8 endoplasms
  5 giant cockroaches
  8 hobgoblins
  11 jackals
  4 quokkas
  3 ball pythons
  11 bats
  7 frilled lizards
  6 goblins
  9 kobolds
  5 rats
160 creatures vanquished.

Notes
Turn   | Place    | Note
-------+----------+-------------------------------------------
     0 | D:1      | timneilson the Octopode Shapeshifter began the quest for
                  | the Orb.
     0 | D:1      | Reached XP level 1. HP: 13/13 MP: 1/1
   124 | D:1      | Identified a scroll of acquirement
   124 | D:1      | Acquired the +2 hat "Kith" {rPois Will+ Regen+ Slay+3}
   299 | D:1      | Reached XP level 2. HP: 15/18 MP: 2/2
   716 | D:2      | Reached XP level 3. HP: 20/23 MP: 3/3
  1154 | D:2      | Reached XP level 4. HP: 28/29 MP: 4/4
  1793 | D:3      | Reached skill level 1 in Stealth
  1893 | D:3      | Found a radiant altar of Vehumet.
  2217 | D:3      | Found a faded altar of an unknown god.
  2272 | D:3      | Reached XP level 5. HP: 22/34 MP: 5/5
  2757 | D:4      | Acquired a blade talisman
  2831 | D:4      | Reached skill level 4 in Unarmed Combat
  3199 | D:3      | Reached XP level 6. HP: 26/41 MP: 6/6
  3559 | D:5      | Entered Level 5 of the Dungeon
  3569 | D:5      | Found a staircase to the Ecumenical Temple.
  3577 | Temple   | Entered the Ecumenical Temple
  3596 | Temple   | Became a worshipper of Gozag Ym Sagoz the Greedy
  3637 | D:5      | Reached skill level 1 in Evocations
  3728 | D:5      | Reached XP level 7. HP: 20/45 MP: 7/7
  4200 | D:5      | Reached skill level 5 in Unarmed Combat
  4376 | D:5      | Reached XP level 8. HP: 33/52 MP: 8/8
  5162 | D:6      | Reached skill level 5 in Shapeshifting
  5328 | D:6      | Reached skill level 5 in Dodging
  6029 | D:7      | Found a shimmering blue altar of Sif Muna.
  6056 | D:7      | Found an iron altar of Okawaru.
  6440 | D:7      | Reached skill level 6 in Unarmed Combat
  6442 | D:7      | Reached XP level 9. HP: 29/58 MP: 9/9
  6566 | D:7      | Found a broken altar of Ashenzari.
  6929 | D:7      | Reached skill level 5 in Stealth
  6942 | D:7      | Slain by a killer bee

Illustrated notes

Levels and vault maps discovered:
D:1:      lightli_arrival_windingriver, layout_loops_ring
D:2:      layout_basic, dk_noncrumbling_3
D:3:      layout_loops_corners, mainiacjoe_overflow_boulevard,
          shapermc_ecumenical_altar_gd, minmay_misc_feat_alley, st_stairs_8
D:4:      layout_gridville, lemuel_flame_loot_1
D:5:      layout_basic, minmay_temple_entry_stoned_glass
D:6:      layout_basic, grunt_decor_mini_mirrors
D:7:      layout_loops_cross, mainiacjoe_overflow_six_doors_small,
          lemuel_round_altar, lemuel_blue_sif_altar
Temple:   nicolae_temple_superstar

Skill      XL: |  1  2  3  4  5  6  7  8  9 |
---------------+----------------------------+-----
Dodging        | 3 4 5 |  5.9
Stealth        | 1 2 3 4 5 |  5.0
Fighting       | 2 3 4 |  4.3
Unarmed Combat | 4 5 6 |  6.3
Evocations     | 1 2 3 |  3.5
Shapeshifting  | 4 5 |  5.9

Action                     |  1- 3 |  4- 6 |  7- 9 || total
---------------------------+-------+-------+-------++-------
  Melee: Unarmed           |    82 |   122 |   142 ||   346
         Tentacles         |    17 |    33 |    31 ||    81
         Constrict         |    18 |    34 |    39 ||    91
         Punch             |     1 |     4 |     7 ||    12
    Use: Scroll            |     3 |     5 |     6 ||    14
         Potion            |     1 |       |     1 ||     2
   Stab: Sleeping          |     4 |    17 |     5 ||    26
         Distracted        |       |       |     1 ||     1
 Armour: Skin              |    46 |    50 |    69 ||   165
  Dodge: Dodged            |    42 |    70 |    74 ||   186

Table legend: (Time is in decaauts)
 A = Elapsed time spent in this place.
 B = Non-inter-level travel time spent in this place.
 C = Inter-level travel time spent in this place.
 D = Time resting spent in this place.
 E = Time spent auto-exploring this place.
 F = Levels seen in this place.
 G = Mean time per level.
                   A        B        C        D        E       F      G
               +--------+--------+--------+--------+--------+-----+--------+
         Total |   6911 |   6733 |    178 |    915 |   4233 |   8 |  863.9 |
       Dungeon |   6872 |   6730 |    142 |    915 |   4233 |   7 |  981.7 |
        Temple |     38 |      2 |     36 |      0 |      0 |   1 |   38.0 |
               +--------+--------+--------+--------+--------+-----+--------+

Top non-repeatable levels by time:
     D:6: 1381 daAuts
     D:7: 1030 daAuts
     D:2: 1024 daAuts
     D:4: 961 daAuts
     D:5: 915 daAuts
     D:3: 907 daAuts
     D:1: 651 daAuts
  Temple: 38 daAuts
